 Dungeon Crawl Stone Soup version 0.30-a0-1053-gbd8d5ba0ad (console) character file.

Game seed: 8450266509526403684

14577 petzl the Thaumaturge (level 12, -2/126 (132) HPs)
             Began as a Formicid Delver on Apr 12, 2023.
             Was a Believer of Vehumet.
             Slain by a wolf spider (10 damage)
             ... on level 15 of the Dungeon on Apr 13, 2023.
             The game lasted 02:05:21 (20270 turns).

petzl the Thaumaturge (Formicid Delver)            Turns: 20270, Time: 02:05:24

HP:   -2/126 (132)  AC: 26    Str: 18    XL:     12   Next: 46%
MP:   34/34         EV:  2    Int: 14    God:    Vehumet [**....]
Gold: 794           SH:  0    Dex: 15    Spells: 17/30 levels left

rFire   . . .      SeeInvis .    a - +2 shortbow (freeze)
rCold   . . .      Faith    .    (no shield)
rNeg    . . .      Spirit   .    V - melded +4 scale mail {rC+}
rPois   +          Reflect  .    (helmet unavailable)
rElec   .          Rampage  .    (cloak currently unavailable)
rCorr   .                        (gloves currently unavailable)
Will    +....                    (boots currently unavailable)
Stlth   ++++                     (no amulet)
HPRegen 0.41/turn                t - ring of magical power
MPRegen 0.24/turn                I - +4 ring of slaying

@: tree-form, lightly drained
A: stationary, stasis, torment immunity, boosted hp, permanent stasis, dig
shafts and tunnels, (antennae 3), four strong arms
a: Renounce Religion


You were on level 15 of the Dungeon.
You worshipped Vehumet.
Vehumet was pleased with you.
You were a tree.
You visited 3 branches of the dungeon, and saw 17 of its levels.
You also visited: Ossuary.

You collected 934 gold pieces.
You spent 140 gold pieces at shops.

Inventory:

Hand Weapons
 a - a +2 shortbow of freezing (weapon)
 b - a +2 dagger of venom {!f =f}
 c - a +1 heavy flail
 d - a +2 long sword of holy wrath
 e - a +2 scimitar of flaming
 k - a +1 vampiric whip
 n - a +0 whip of freezing
 x - a +6 club
 F - a +0 rapier
Missiles
 i - 86 stones
 p - 7 boomerangs
 M - 19 poisoned darts
Armour
 h - a +0 ring mail
 N - a +1 scale mail of poison resistance
 R - a +0 kite shield
 V - a +4 scale mail of cold resistance (melded)
Magical Staves
 E - a staff of cold
Jewellery
 s - a ring of poison resistance
 t - a ring of magical power (left branch)
 B - a ring of positive energy
 I - a +4 ring of slaying (right branch)
 K - a +6 ring of dexterity
 W - a ring of protection from fire
Wands
 L - a wand of flame (5)
 S - a wand of mindburst (10)
 X - a wand of iceblast (2)
Scrolls
 j - 3 scrolls of identify
 l - 5 scrolls of amnesia
 r - 2 scrolls of enchant armour
 u - 2 scrolls of vulnerability
 w - 2 scrolls of poison
 y - 2 scrolls of immolation
 H - a scroll of fog
 J - a scroll of silence
Potions
 g - 4 potions of heal wounds
 m - 9 potions of curing
 o - 3 potions of cancellation
 v - 3 potions of brilliance
 A - 2 potions of lignification
 D - 2 potions of might
 G - 2 potions of mutation
 P - 2 potions of flight
 Q - 2 potions of ambrosia
 T - 3 potions of invisibility {unknown}
 U - a potion of magic {unknown}


   Skills:
 - Level 6.1 Fighting
 - Level 2.0 Maces & Flails
 - Level 5.0 Ranged Weapons
 - Level 4.6 Armour
 - Level 4.5 Dodging
 - Level 8.5 Stealth
 - Level 2.5 Shields
 - Level 9.7 Spellcasting
 * Level 6.7 Conjurations
 - Level 2.8 Necromancy
 - Level 4.1 Translocations
 * Level 5.0 Fire Magic
 - Level 2.7 Air Magic
 + Level 6.8 Earth Magic
 - Level 3.0 Evocations


You had 17 spell levels left.
You knew the following spells:

 Your Spells              Type           Power      Damage    Failure   Level
a - Gell's Gravitas       Tloc           18%        N/A       6%          3
b - Shock                 Conj/Air       80%        1d8       1%          1
c - Kiss of Death         Conj/Necr      80%        2d11      1%          1
d - Fireball              Conj/Fire      11%        3d7       26%         5
e - Stone Arrow           Conj/Erth      50%        3d10      1%          3

Your spell library contained the following spells:

 Spells                   Type           Power      Damage    Failure   Level
 Static Discharge         Conj/Air       40%        2-4/arc   2%          2
 Foxfire                  Conj/Fire      92%        2x1d8     1%          1
 Sandblast                Erth           50%        2d12      1%          1
 Lesser Beckoning         Tloc           36%        N/A       3%          2
 Passwall                 Tmut/Erth      13%        N/A       4%          2
 Teleport Other           Tloc           18%        N/A       6%          3
 Beastly Appendage        Tmut           12%        N/A       11%         1
 Ensorcelled Hibernation  Hex/Ice        12%        N/A       16%         2
 Wereblood                Tmut           6%         N/A       16%         2
 Confusing Touch          Hex            6%         N/A       32%         3
 Spider Form              Tmut/Pois      6%         N/A       32%         3
 Dispel Undead            Necr           14%        3d10      32%         4
 Airstrike                Air            7%         2d(1-17)  34%         4
 Summon Ice Beast         Ice/Summ       6%         N/A       71%         4
 Starburst                Conj/Fire      11%        6d5       83%         6
 Summon Mana Viper        Hex/Summ       6%         N/A       96%         5
 Plasma Beam              Fire/Air       8%         2x1d21    98%         6
 Monstrous Menagerie      Summ           3%         N/A       100%        7
 Swiftness                Air            Unusable   N/A       N/A         3

Dungeon Overview and Level Annotations

Branches:
Dungeon (15/15)            Temple (1/1) D:4            Lair (1/5) D:9
    Orc (0/2) D:12         Depths (0/4) D:15        Ossuary (visited)
 Vaults: D:13-14

Altars:
Ashenzari
Cheibriados
Dithmenos
Fedhas
Gozag
Hepliaklqana
Kikubaaqudgha
Makhleb
Nemelex Xobeh
Okawaru
Qazlal
Ru
Sif Muna
Trog
Uskayaw
Vehumet
Wu Jian
Xom
Yredelemnul
The Shining One

Shops:
D:1 ?   D:2 *   D:10 =

Annotations:
D:4 2 transporters, exclusion: downstairs, Eustachio; deadpool521's ghost, amateur OgIE
D:6 exclusion: downstairs
D:7 2 transporters, exclusions: centaur warrior, door, downstairs and steam dragon, mandoloar's ghost, novice OpTm
D:8 exclusion: 2 downstairs
D:9 exclusion: 2 downstairs, Erolcha
D:10 exclusions: acid dragon and downstairs
D:11 exclusions: cyclops, downstairs, sensed monster (detected), 2 trolls, two-headed ogre, upstairs, vampire mosquito and wraith
D:12 exclusions: 2 downstairs and 2 sensed monsters (detected)
D:15 exclusions: cyclops and tengu conjurer


Innate Abilities, Weirdness & Mutations

You are a tree.
Your roots penetrate the ground, keeping you stationary.
You cannot be teleported.
You are immune to unholy pain and torment.
Your maximum health is greatly increased.
Your equipment is partially melded.
You cannot be hasted, slowed, berserked, paralysed or teleported.
You can dig through walls and to a lower floor.
((You have a pair of large antennae on your head. (SInv)))
Your four strong arms can wield two-handed weapons with a shield.


Message History

As you read the scroll of torment, it crumbles to dust.
You feel a surge of unholy energy.
The dire elephant convulses!
The harpy convulses!
The wolf spider convulses!
The harpy claws you but does no damage. x2
The wolf spider hits you but does no damage.
The wolf spider bites you but does no damage.
The dire elephant tramples you.
* * * LOW HITPOINT WARNING * * *
The dire elephant trunk-slaps you but does no damage.
The wolf spider hits you but does no damage.
The wolf spider bites you but does no damage.
As you read the scroll of torment, it crumbles to dust.
You feel a surge of unholy energy.
The dire elephant convulses!
The harpy convulses!
The wolf spider convulses!
The harpy claws you.
* * * LOW HITPOINT WARNING * * *
The harpy claws you.
* * * LOW HITPOINT WARNING * * *
The wolf spider hits you but does no damage.
The wolf spider bites you but does no damage.
The dire elephant tramples you.
* * * LOW HITPOINT WARNING * * *
The dire elephant trunk-slaps you but does no damage.
Unknown command.
Press: ? - help, v - describe, . - travel The floor.
Unknown command.
Unknown command.
Press: ? - help, v - describe, . - travel
Here: a harpy shaped shifter (severely wounded)
The floor.
Unknown command.
Unknown command.
You feel much better.
The wolf spider splashes around in the water.
The wolf spider bites you but does no damage.
The dire elephant tramples you!!
* * * LOW HITPOINT WARNING * * *
The dire elephant trunk-slaps you but does no damage.
The wolf spider hits you!
You die...

######### #######
#.......# #.....#
#....<..#
#.....######.......# #
#................[.# #.
#...~.÷~..#........# #..
#.....~H...#.......#
#..##.....s~~..#.......#
#.........Y♣..##.......#
#...)....#######.......#
#####....##....#.......#
#..........#.......#
#..{.......#.C.....#
#....##.... #....##....
#..B.#.....#
#....'.....#
#....##....#
#....##.$..#
#..........#
#.....H....#
#...H......#
#..........#
#..........# ..##+#
#..........#######.....
#................#.....
#..............[.+.....


You could see a dire elephant, a wolf spider and a harpy shaped shifter.

Vanquished Creatures
  Erica (D:9)
  A boulder beetle (D:13)
  3 two-headed ogres
  3 death yaks
  Pikel (D:5)
  A deep elf pyromancer (D:13)
  An unseen horror (D:10)
  2 trolls (D:12)
  5 slime creatures (D:12)
  A wraith (D:11)
  A shadow (D:9)
  2 basilisks
  11 yaks
  2 wyverns
  4 vampire mosquitoes
  3 steam dragons
  4 wargs (D:12)
  An acid dragon (D:12)
  4 water moccasins
  A sky beast (D:7)
  2 ice beasts
  2 orc warriors
  4 centaurs
  2 lemures
  A phantom (D:5)
  3 kobold brigands
  A gnoll sergeant (D:8)
  3 bullfrogs
  7 scorpions
  3 killer bees (D:8)
  2 jellies
  A howler monkey (D:5)
  2 centaur zombies (Ossuary)
  4 orc priests
  6 hounds
  A sleepcap (D:7)
  Jessica (D:2)
  Natasha (twice) (D:3)
  2 iguanas (D:5)
  9 orc wizards
  2 hell rats (D:9)
  3 hound zombies (Ossuary)
  3 mummies (Ossuary)
  4 gnolls
  4 adders
  3 river rats (D:9)
  2 shadow imps
  A white imp (D:5)
  4 adder zombies (Ossuary)
  A worm (D:2)
  A dart slug (D:4)
  21 orcs
  5 bats
  10 endoplasms
  3 giant cockroaches
  3 gnoll zombies (Ossuary)
  6 goblins
  11 hobgoblins
  6 quokkas
  9 ball pythons
  3 frilled lizards (D:1)
  3 goblin zombies (Ossuary)
  3 hobgoblin zombies (Ossuary)
  2 jackal zombies (Ossuary)
  27 kobolds
  A kobold zombie (Ossuary)
  2 orc zombies (Ossuary)
  5 quokka zombies (Ossuary)
  8 rats
  6 rat zombies (Ossuary)
272 creatures vanquished.

Vanquished Creatures (collateral kills)
  2 slime creatures (D:15)
2 creatures vanquished.

Vanquished Creatures (others)
  A tengu warrior (D:15)
  11 plants
12 creatures vanquished.

Grand Total: 286 creatures vanquished

Notes
Turn   | Place    | Note
-------+----------+-------------------------------------------
     0 | D:5      | petzl the Formicid Delver began the quest for the Orb.
     0 | D:5      | Reached XP level 1. HP: 18/18 MP: 1/1
    20 | D:6      | Noticed an ice beast
    32 | D:5      | Reached skill level 1 in Spellcasting
    32 | D:5      | Reached XP level 2. HP: 24/24 MP: 1/4
    46 | D:5      | Reached skill level 2 in Spellcasting
    46 | D:5      | Reached XP level 3. HP: 15/29 MP: 2/7
    74 | D:4      | Found a transporter.
    79 | D:4      | Noticed deadpool521's ghost (amateur OgIE)
    87 | D:4      | Reached skill level 3 in Spellcasting
   130 | D:4      | Noticed Eustachio
   171 | D:4      | Found a sand-covered staircase.
   183 | Ossuary  | Entered an ossuary
   251 | Ossuary  | Reached XP level 4. HP: 33/33 MP: 8/8
   399 | Ossuary  | Reached skill level 4 in Spellcasting
   491 | Ossuary  | Reached XP level 5. HP: 26/41 MP: 11/11
   640 | Ossuary  | Reached skill level 5 in Spellcasting
   795 | Ossuary  | Reached XP level 6. HP: 47/47 MP: 14/14
  1051 | D:4      | Found a transporter.
  1080 | D:4      | Reached skill level 6 in Spellcasting
  1216 | D:4      | Found a staircase to the Ecumenical Temple.
  1225 | Temple   | Entered the Ecumenical Temple
  1543 | D:4      | HP: 1/47 [orc/+0 flail (6)]
  2174 | D:2      | Reached XP level 7. HP: 52/52 MP: 16/16
  2498 | D:1      | Found Otyppyum's Magic Scroll Emporium.
  2511 | D:1      | Bought a scroll of noise for 11 gold pieces
  2511 | D:1      | Bought a scroll of fear for 44 gold pieces
  3033 | D:2      | Found Cidy's Assorted Antiques.
  3041 | D:2      | Bought a cyan potion for 19 gold pieces
  3079 | D:1      | Bought 3 scrolls of identify for 66 gold pieces
  3465 | D:2      | Noticed Jessica
  3470 | D:2      | Killed Jessica
  3918 | D:3      | Found a bloodstained altar of Trog.
  4064 | D:3      | Found a sparkling altar of Nemelex Xobeh.
  4223 | D:3      | Reached skill level 7 in Spellcasting
  4388 | D:3      | Found a hide-covered altar of Uskayaw.
  4388 | D:3      | Noticed Natasha
  4401 | D:3      | Killed Natasha
  4624 | D:3      | Noticed Natasha
  4628 | D:3      | Killed Natasha
  5749 | D:4      | Reached skill level 1 in Ranged Weapons
  5933 | D:5      | Reached XP level 8. HP: 53/58 MP: 19/19
  6181 | D:5      | Reached skill level 8 in Spellcasting
  6661 | D:5      | Learned a level 3 spell: Gell's Gravitas
  7332 | D:7      | Noticed a yak
  7332 | D:7      | Noticed a yak
  7332 | D:7      | Noticed a yak
  7530 | D:8      | Reached skill level 1 in Armour
  7530 | D:8      | Reached skill level 1 in Evocations
  7849 | D:4      | You fall into a shaft and drop 3 floors!
  8263 | D:6      | Noticed Pikel
  8353 | D:5      | Killed Pikel
  8354 | D:5      | Reached skill level 1 in Translocations
  8354 | D:5      | Reached XP level 9. HP: 33/65 MP: 21/21
  9040 | D:7      | You fall into a shaft and drop 1 floor!
  9245 | D:8      | Reached skill level 9 in Spellcasting
  9494 | D:8      | Learned a level 1 spell: Shock
  9732 | D:6      | You fall into a shaft and drop 3 floors!
  9891 | D:9      | Noticed Erica
  9898 | D:9      | Killed Erica
  9899 | D:9      | Reached skill level 5 in Ranged Weapons
  9899 | D:9      | Reached skill level 1 in Conjurations
  9899 | D:9      | Reached skill level 1 in Air Magic
  9899 | D:9      | Reached XP level 10. HP: 73/73 MP: 23/23
  9917 | D:8      | Noticed a two-headed ogre
 10719 | D:7      | Reached skill level 5 in Fighting
 10792 | D:7      | Found a radiant altar of Vehumet.
 10802 | D:7      | Found a transporter.
 10804 | D:7      | Became a worshipper of Vehumet
 10939 | D:7      | Noticed a centaur warrior
 11487 | D:7      | Found a blossoming altar of Fedhas.
 11665 | D:7      | Identified the ring "Xilum" {Ice SInv}
 11714 | D:7      | Found a transporter.
 11716 | D:7      | Noticed mandoloar's ghost (novice OpTm)
 11862 | D:7      | Noticed a gargoyle
 11862 | D:7      | Noticed a skeletal warrior
 12321 | D:8      | Found a shimmering blue altar of Sif Muna.
 12756 | D:8      | Killed a two-headed ogre
 12820 | D:8      | Learned a level 1 spell: Kiss of Death
 13072 | D:9      | Reached skill level 1 in Shields
 13072 | D:9      | Reached skill level 1 in Necromancy
 13072 | D:9      | Reached XP level 11. HP: 54/81 MP: 24/24
 13283 | D:9      | Found a staircase to the Lair.
 13283 | D:9      | Noticed a death yak
 13291 | D:9      | Noticed a death yak
 13318 | D:9      | Noticed a death yak
 13354 | D:9      | Killed a death yak
 13354 | D:9      | Reached * piety under Vehumet
 13354 | D:9      | Offered knowledge of Freeze by Vehumet.
 13378 | D:8      | Killed a death yak
 13654 | D:10     | Entered Level 10 of the Dungeon
 13721 | D:10     | Noticed a two-headed ogre
 13913 | D:9      | Found a shadowy altar of Dithmenos.
 14057 | D:9      | Killed a death yak
 14899 | D:9      | Noticed Erolcha
 15073 | Lair:1   | Entered Level 1 of the Lair of Beasts
 15221 | D:10     | Found Unlituin's Jewellery Shoppe.
 15248 | D:10     | Learned a level 5 spell: Fireball
 15431 | D:9      | Reached skill level 1 in Fire Magic
 16051 | D:10     | Reached skill level 5 in Conjurations
 16058 | D:10     | Learned a level 3 spell: Stone Arrow
 16472 | D:11     | Noticed a cyclops
 16532 | D:11     | Noticed a two-headed ogre
 16770 | D:10     | Reached skill level 1 in Earth Magic
 17109 | D:12     | Noticed a two-headed ogre
 17433 | D:11     | You fall into a shaft and drop 1 floor!
 17827 | D:13     | Noticed a centaur warrior
 18314 | D:12     | Noticed a cyclops
 18590 | D:12     | Found a staircase to the Orcish Mines.
 18896 | D:12     | Reached XP level 12. HP: 85/88 MP: 18/25
 19008 | D:12     | Reached ** piety under Vehumet
 19166 | D:12     | Reached skill level 5 in Earth Magic
 19178 | D:12     | Offered knowledge of Static Discharge by Vehumet.
 19441 | D:12     | Killed a two-headed ogre
 19515 | D:12     | Noticed a boulder beetle
 19526 | D:12     | You fall into a shaft and drop 1 floor!
 19542 | D:13     | Noticed a tengu warrior
 19543 | D:13     | Noticed a two-headed ogre
 19676 | D:13     | Noticed a boulder beetle
 19700 | D:13     | Killed a boulder beetle
 19802 | D:13     | Noticed a two-headed ogre
 19834 | D:13     | Killed a two-headed ogre
 19921 | D:13     | You fall into a shaft and drop 2 floors!
 19921 | D:15     | Entered Level 15 of the Dungeon
 20219 | D:15     | Found a staircase to the Depths.
 20219 | D:15     | Noticed a dire elephant
 20240 | D:15     | Noticed a tengu warrior
 20247 | D:15     | Reached skill level 5 in Fire Magic
 20262 | D:15     | Noticed a boulder beetle
 20269 | D:15     | HP: 4/126 [dire elephant (6)]
 20270 | D:15     | Slain by a wolf spider

Illustrated notes

Levels and vault maps discovered:
D:1:      reono_arrival_mine, layout_rooms, serial_shops,
          nicolae_shop_advertising_works [nicolae_subvault_shop_adworks],
          chequers_garden, nrook_campfire
D:2:      layout_basic, serial_shops, shop, kennysheep_jessica_study
D:3:      layout_rooms, old_standard_altar, marbit_many_paths, bloody_trog,
          uniq_natasha
D:4:      layout_basic, lemuel_temple_firewalk_b, chequers_ossuary_entry_cave,
          gammafunk_ghost_stat_death, glass_columns_a, uniq_eustachio
D:5:      layout_cave_pods, serial_bayou, serial_bayou_pond_d,
          serial_bayou_crossing, serial_bayou_pond_b, serial_bayou_shore_b
D:6:      layout_cave_pods, uniq_pikel
D:7:      minmay_the_grid_plus_closed [minmay_the_grid_eight,
          minmay_the_grid_small_cups, minmay_the_grid_dragon_b,
          minmay_the_grid_garden, minmay_the_grid_prize_inner_circle],
          layout_basic, fedhas_altar_4, fiery_altar_vehumet,
          gammafunk_ghost_gnarly_gnolls
D:8:      layout_basic, mainiacjoe_overflow_alcove_2
D:9:      layout_loops_cross, grunt_dithmenos_smoke_and_mirrors,
          dpeg_lair_monsters, minmay_misc_feat_pillars, uniq_erolcha, uniq_erica
D:10:     layout_loops_cross, mainiacjoe_overflow_swirl, serial_shops,
          nicolae_inconvenience_store, unseen_surprise_small
D:11:     layout_stronghold, hangedman_decor_clover_reticule
D:12:     layout_loops_ring, minmay_orc_entry_guard_dogs
D:13:     layout_loops_ring, hangedman_vaults_entry_quadrant_bands, uniq_frances
D:14:     cheibrodos_elevator_heist, layout_stronghold,
          nicolae_trove_entry_isolated
D:15:     hangedman_depths_entry_try_elsewhere_first, layout_gridville,
          serial_shops, bzr_entry_dummy, nicolae_lakefront_shop,
          chequers_serial_rivers_micro_c
Temple:   nicolae_temple_bog_church
Lair:1:   layout_roguey [special_room_bee], minivault_23,
          infiniplex_staircase_pool_2, uniq_grum

Skill      XL: |  1  2  3  4  5  6  7  8  9 10 11 12 |
---------------+-------------------------------------+-----
Spellcasting   | 1 2 3 4 5 6 7 8 9 |  9.7
Ranged Weapons | 1 4 5 |  5.0
Dodging        | 2 3 4 |  4.5
Armour         | 1 3 4 |  4.6
Evocations     | 1 3 |  3.0
Fighting       | 4 5 6 |  6.1
Translocations | 1 2 3 4 |  4.1
Stealth        | 7 8 |  8.5
Conjurations   | 1 3 5 6 |  6.7
Air Magic      | 1 2 |  2.7
Shields        | 1 2 |  2.5
Necromancy     | 1 2 |  2.8
Fire Magic     | 3 5 |  5.0
Earth Magic    | 4 6 |  6.8
Maces & Flails | |  2.0

Action                     |  1- 3 |  4- 6 |  7- 9 | 10-12 || total
---------------------------+-------+-------+-------+-------++-------
  Melee: Mace              |    31 |   227 |       |       ||   258
         Punch             |       |     6 |     6 |     4 ||    16
         Dagger            |       |    26 |   321 |   148 ||   495
         Whip              |       |    40 |    16 |     1 ||    57
         Long sword        |       |       |    10 |     7 ||    17
         Flail             |       |       |     7 |       ||     7
         Scimitar          |       |       |       |    37 ||    37
   Fire: Sling             |       |       |   110 |    13 ||   123
         Shortbow          |       |       |       |   134 ||   134
  Throw: Stone             |       |     2 |       |     2 ||     4
         Dart              |       |       |     1 |    24 ||    25
   Cast: Gell's Gravitas   |       |       |       |     3 ||     3
         Stone Arrow       |       |       |       |    90 ||    90
Ability: Dig               |     1 |       |     3 |     8 ||    12
         Shaft Self        |       |       |     3 |     4 ||     7
  Evoke: Wand              |       |       |    11 |    28 ||    39
    Use: Scroll            |     1 |     3 |    11 |    12 ||    27
         Potion            |       |       |     7 |    10 ||    17
   Stab: Sleeping          |     1 |     5 |    12 |     3 ||    21
         Distracted        |       |       |     1 |       ||     1
 Armour: Leather armour    |     2 |       |       |       ||     2
         Ring mail         |     1 |   141 |   103 |    79 ||   324
         Skin              |       |       |       |    21 ||    21
         Scale mail        |       |       |       |    18 ||    18
  Dodge: Dodged            |    14 |   183 |   205 |   210 ||   612

Table legend: (Time is in decaauts)
 A = Elapsed time spent in this place.
 B = Non-inter-level travel time spent in this place.
 C = Inter-level travel time spent in this place.
 D = Time resting spent in this place.
 E = Time spent auto-exploring this place.
 F = Levels seen in this place.
 G = Mean time per level.
                   A        B        C        D        E       F      G
               +--------+--------+--------+--------+--------+-----+--------+
         Total |  20433 |  19389 |   1044 |   5681 |   5749 |  18 | 1135.2 |
       Dungeon |  19403 |  18386 |   1017 |   5562 |   5593 |  15 | 1293.5 |
        Temple |    196 |    169 |     27 |      0 |    156 |   1 |  196.0 |
          Lair |      1 |      1 |      0 |      0 |      0 |   1 |    1.0 |
       Ossuary |    832 |    832 |      0 |    119 |      0 |   1 |  832.0 |
               +--------+--------+--------+--------+--------+-----+--------+

Top non-repeatable levels by time:
     D:9: 2403 daAuts
     D:8: 2317 daAuts
    D:12: 2140 daAuts
     D:4: 1987 daAuts
     D:6: 1714 daAuts
     D:7: 1700 daAuts
     D:5: 1648 daAuts
     D:2: 1114 daAuts
    D:11: 1069 daAuts
     D:3: 939 daAuts
    D:10: 874 daAuts
 Ossuary: 832 daAuts
     D:1: 742 daAuts
    D:13: 388 daAuts
    D:15: 345 daAuts
